 Seeded DCSS version 0.28-a0-1567-g1695149f81 (webtiles) character file.

Game seed: 851 (custom seed)

69 knot the Chopper (level 4, 35/35 HPs)
             Began as a Demonspawn Berserker on Jan 20, 2022.
             Was a Follower of Trog.
             Quit the game on level 2 of the Dungeon.
             The game lasted 00:02:03 (2334 turns).

knot the Chopper (Demonspawn Berserker)             Turns: 2334, Time: 00:02:04

Health: 35/35      AC:  2    Str: 18    XL:     4   Next: 2%
Magic:  4/4        EV: 12    Int: 10    God:    Trog [*.....]
Gold:   66         SH:  0    Dex: 12    Spells: 3/3 levels left

rFire   . . .      SeeInvis .   a - +0 hand axe
rCold   . . .      Faith    .   (no shield)
rNeg    . . .      Spirit   .   b - +0 animal skin
rPois   .          Reflect  .   (no helmet)
rElec   .          Harm     .   (no cloak)
rCorr   .          Rampage  .   (no gloves)
Will    .....                   (no boots)
Stlth   +.........              (no amulet)
HPRegen 0.11/turn               (no ring)
MPRegen 0.09/turn               (no ring)

@: no status effects
A: spiny 1, sturdy frame 1
a: Renounce Religion, Berserk


You were on level 2 of the Dungeon.
You worshipped Trog.
Trog was aware of your devotion.
You visited 1 branch of the dungeon, and saw 2 of its levels.

You collected 66 gold pieces.

Inventory:

Hand Weapons
 a - a +0 hand axe (weapon)
Missiles
 c - 94 stones
 h - a javelin (quivered)
Armour
 b - a +0 animal skin (worn)
Scrolls
 f - a scroll of identify {unknown}
 g - a scroll of blinking {unknown}
Potions
 d - a potion of resistance {unknown}
 e - a potion of heal wounds {unknown}


   Skills:
 - Level 3.0 Fighting
 * Level 4.3 Axes
 * Level 0.8 Throwing
 - Level 1.7 Armour
 - Level 1.7 Dodging


You had 3 spell levels left.
You didn't know any spells.
Your spell library contained the following spells:

 Spells                   Type           Power      Damage    Failure   Level
 Ensorcelled Hibernation  Hex/Ice        0%         N/A       50%         2
 Passwall                 Tmut/Erth      0%         N/A       50%         2
 Swiftness                Air            0%         N/A       75%         3
 Summon Forest            Summ/Tloc      0%         N/A       100%        5
 Eringya's Noxious Bog    Tmut/Pois      0%         N/A       100%        6
 Summon Hydra             Summ           0%         N/A       100%        7


Dungeon Overview and Level Annotations

Branches:
Dungeon (2/15)

Altars:


Innate Abilities, Weirdness & Mutations

You are partially covered in sharp spines.
Your movements are slightly less encumbered by armour. (ER -2)


Message History

No target in view!
There is a stone staircase leading up here.
Found a leather armour.
No target in view!
No target in view!
No target in view!
No target in view!
You see here a +0 leather armour.
There is an open door here.
As you open the door, it creaks loudly!
A worm comes into view.
A worm is nearby!
You hit the worm. You punch the worm.
The worm is lightly wounded.
You hit the worm.
The worm is heavily wounded.
The worm closely misses you.
You slash the worm!
The worm is severely wounded.
The worm bites you.
You barely miss the worm.
The worm is severely wounded.
You hit the worm. Your punch misses the worm.
The worm is almost dead.
The worm bites you!
You barely miss the worm. You punch the worm.
You kill the worm!
Trog accepts your kill.
You have reached level 4!
You feel stronger.
Your demonic ancestry asserts itself...
Sharp spines emerge from parts of your body.
You start resting.
HP restored.
You start waiting.
Done waiting.
You start waiting.
Done waiting.
Unknown command.
Clearing level map.
Are you sure you want to abandon this character and quit the game? (Confirm with "yes".)

#######.###.................##
............#######+#######..#
#######.###.# #.# #... #.# #.#
#####.##### #... #.# #.#
#...'.'...# #..# #.# #.#
#.###.###.# #..# #.# #.# #.#
#.# #.# #.># ..#
#.###'###.###'###... ###
#.'@............'..#
#.###'###.###'###..# # #.# #.#
#.# #..# #.###.###.# #...
#...'.'...# #.#. #####.#####
#... #.# #.#.
#######'#######.#.
................#.


There were no monsters in sight!

Vanquished Creatures
  A hound (D:2)
  An adder (D:2)
  3 worms (D:2)
  5 bats
  A giant cockroach (D:1)
  3 hobgoblins
  2 kobolds
  A quokka (D:2)
  2 ball pythons (D:1)
  2 frilled lizards
  4 rats
25 creatures vanquished.

Notes
Turn   | Place    | Note
-------+----------+-------------------------------------------
     0 | D:1      | knot the Demonspawn Berserker began the quest for the Orb.
     0 | D:1      | Reached XP level 1. HP: 18/18 MP: 1/1
   185 | D:1      | Reached skill level 3 in Axes
   310 | D:1      | Gained mutation: Your movements are slightly less
                  | encumbered by armour. (ER -2) [demonic ancestry]
   310 | D:1      | Reached XP level 2. HP: 21/24 MP: 2/2
   970 | D:2      | Reached skill level 4 in Axes
   970 | D:2      | Reached XP level 3. HP: 20/29 MP: 3/3
  1991 | D:2      | Gained mutation: You are partially covered in sharp spines.
                  | [demonic ancestry]
  1991 | D:2      | Reached XP level 4. HP: 19/35 MP: 4/4
  2334 | D:2      | Quit the game

Illustrated notes

Levels and vault maps discovered:
D:1:      eino_arrival_cavern_d, layout_basic, grunt_decor_cap
D:2:      layout_loops_ring, minmay_door_square

Skill      XL: |  1  2 |
---------------+-------+-----
Axes           | 3 4 |  4.3
Fighting       | |  3.0
Throwing       | |  0.8
Armour         | |  1.7
Dodging        | |  1.7

Action                   |  1- 3 |  4- 6 || total
-------------------------+-------+-------++-------
Melee: Hand axe          |    79 |       ||    79
       Punch             |     5 |       ||     5
Throw: Javelin           |     1 |       ||     1
Invok: Berserk           |     4 |       ||     4
Armor: Animal skin       |    14 |       ||    14
Dodge: Dodged            |    50 |       ||    50

Table legend: (Time is in decaauts)
 A = Elapsed time spent in this place.
 B = Non-inter-level travel time spent in this place.
 C = Inter-level travel time spent in this place.
 D = Time resting spent in this place.
 E = Time spent auto-exploring this place.
 F = Levels seen in this place.
 G = Mean time per level.
                   A        B        C        D        E       F      G
               +--------+--------+--------+--------+--------+-----+--------+
         Total |   2389 |   2387 |      2 |    728 |   1465 |   2 | 1194.5 |
       Dungeon |   2389 |   2387 |      2 |    728 |   1465 |   2 | 1194.5 |
               +--------+--------+--------+--------+--------+-----+--------+

Top non-repeatable levels by time:
     D:2: 1479 daAuts
     D:1: 910 daAuts
